 Dungeon Crawl Stone Soup version 0.21-a0-352-g5b8f553 (webtiles) character file.

21 tidbits the Cleaver (level 2, 0/20 HPs)
             Began as a Gnoll Wanderer on Oct 10, 2017.
             Slain by a goblin (1 damage)
             ... on level 1 of the Dungeon.
             The game lasted 00:01:23 (150 turns).

tidbits the Cleaver (Gnoll Wanderer)                 Turns: 150, Time: 00:01:24

Health: 0/20       AC:  2    Str: 14    XL:     2   Next: 83%
Magic:  2/2        EV: 11    Int: 12    God:
Gold:   0          SH:  0    Dex: 16    Spells: 2/2 levels left

rFire    . . .     SeeInvis .   a - +2 hand axe
rCold    . . .     Gourm    .   (no shield)
rNeg     . . .     Faith    .   d - +0 robe
rPois    +         Spirit   .   (no helmet)
rElec    .         Reflect  .   (no cloak)
rCorr    .         Harm     .   (no gloves)
MR       .....                  (no boots)
Stlth    ++........             (no amulet)
HPRegen  0.06/turn              e - ring of poison resistance
MPRegen  0.08/turn              (no ring)

@: no status effects
A: distributed training, fangs 1, strong nose
a: no special abilities


You were on level 1 of the Dungeon.
You were not hungry.

You visited 1 branch of the dungeon, and saw 1 of its levels.

Inventory:

Hand Weapons
 a - a +2 hand axe (weapon)
Armour
 d - a +0 robe (worn)
Jewellery
 e - a ring of poison resistance (left hand)
   (You found it on level 1 of the Dungeon)
Scrolls
 c - a scroll of teleportation
Potions
 b - a potion of lignification
Comestibles
 f - a bread ration
 g - a royal jelly


   Skills:
 + Level 0.5 Fighting
 + Level 0.5 Short Blades
 + Level 0.5 Long Blades
 + Level 10.3 Axes
 + Level 0.5 Maces & Flails
 + Level 0.5 Polearms
 + Level 0.5 Staves
 + Level 0.5 Slings
 + Level 0.5 Bows
 + Level 0.5 Crossbows
 + Level 2.5 Throwing
 + Level 6.5 Armour
 + Level 0.5 Dodging
 + Level 0.5 Stealth
 + Level 2.5 Shields
 + Level 0.5 Unarmed Combat
 + Level 0.5 Spellcasting
 + Level 0.5 Conjurations
 + Level 0.5 Hexes
 + Level 0.5 Charms
 + Level 0.5 Summonings
 + Level 0.5 Necromancy
 + Level 0.5 Translocations
 + Level 0.5 Transmutations
 + Level 0.5 Fire Magic
 + Level 0.5 Ice Magic
 + Level 0.5 Air Magic
 + Level 0.5 Earth Magic
 + Level 0.5 Poison Magic
 + Level 0.5 Invocations
 + Level 0.5 Evocations


You had 2 spell levels left.
You didn't know any spells.

Dungeon Overview and Level Annotations

Branches:
Dungeon (1/15)

Altars:


Innate Abilities, Weirdness & Mutations

Your experience applies equally to all skills.
You have very sharp teeth.
Your uncanny sense of smell can sniff out nearby items.


Message History

The kobold hits you with a short sword.
* * * LOW HITPOINT WARNING * * *
You slash the kobold!
You kill the kobold!
You slash the kobold!
You kill the kobold!
Things that are here:
a short sword; a kobold corpse A kobold comes into view.
The kobold barely misses you. The kobold closely misses you.
You are too injured to fight recklessly!
You are too injured to fight recklessly!
You are too injured to fight recklessly!
You are too injured to fight recklessly!
You hit the kobold.
You kill the kobold!
You see here a kobold corpse.
A kobold comes into view. It is wielding a dagger.
The kobold throws a stone.
The stone hits you.
* * * LOW HITPOINT WARNING * * *
You see here a stone.
The kobold throws a stone.
The stone completely misses you.
The leopard gecko hisses angrily.
The leopard gecko bites the plant.
Something bites the plant but does no damage.
The kobold throws a stone.
The stone closely misses you.
The leopard gecko bites the plant but does no damage.
The rat bites the bush but does no damage.
The leopard gecko bites the plant.
The kobold hits you but does no damage.
The leopard gecko hisses angrily.
You hit the kobold.
The kobold is moderately wounded.
The rat bites the bush but does no damage.
The leopard gecko bites the plant.
You hit the kobold.
You kill the kobold!
The rat bites the bush but does no damage.
The leopard gecko bites the plant but does no damage.
The rat bites the bush but does no damage.
The leopard gecko bites something but does no damage.
Things that are here:
a dagger; 12 stones; a kobold corpse The leopard gecko bites the plant but does no damage.
The rat completely misses the bush.
The leopard gecko bites the plant but does no damage.
The rat bites the bush but does no damage.
The leopard gecko bites the plant but does no damage.
The rat bites the bush but does no damage.
The leopard gecko bites the plant but does no damage.
The rat bites the bush.
The leopard gecko hisses menacingly.
The leopard gecko bites the plant but does no damage.
The rat bites the bush but does no damage.
The leopard gecko bites the plant but does no damage.
Something bites the plant.
Something bites the bush but does no damage.
You see here 2 stones.
You see here a stone.
Found 28 bolts.
A rat comes into view.
A hobgoblin comes into view. It is wielding a club.
The rat twitches its whiskers.
You are too injured to fight recklessly!
You are too injured to fight recklessly!
The rat barely misses you.
You hit the rat.
You kill the rat!
Found a bubbling dark potion.
A goblin comes into view. It is wielding a club.
The goblin shouts!
You hear an angry hiss.
The hobgoblin closely misses you.
You hit the hobgoblin.
The hobgoblin is almost dead.
A goblin comes into view.
The goblin shouts!
You hit the hobgoblin.
You kill the hobgoblin!
A leopard gecko comes into view.
You barely miss the goblin. You hit the goblin.
The goblin is severely wounded.
The goblin hits you with a club.
* * * LOW HITPOINT WARNING * * *
You hit the goblin.
You kill the goblin!
The goblin hits you.
* * * LOW HITPOINT WARNING * * *
Things that are here:
a club; a goblin corpse You closely miss the goblin.
You miss the goblin. Your bite misses the goblin.
The goblin completely misses you.
You hit the goblin.
The goblin is moderately wounded.
The goblin barely misses you.
You hit the goblin but do no damage. Your bite misses the goblin.
The goblin is moderately wounded.
The goblin hits you.
You die...

...######.# #.#
...........#########.# .
....................# ..
.....###.######..... ...
#.#................#
....#.#...(............#
..#.!....).............#
.......................#
......g@...............# ≈≈≈≈≈..
.......l..............## ≈≈≈≈≈..
........P♣♣♣≈♣..........
≈≈≈≈≈..##.....#.≈≈≈P≈PP♣.#.....##
............♣♣≈≈≈≈≈≈P≈≈♣.########
.≈≈≈≈.#.##♣♣≈≈P≈P≈≈≈≈P≈♣.########
.≈≈≈≈...#♣P≈≈≈≈≈≈≈≈P≈≈PP♣........
.≈≈≈≈...≈≈≈≈≈≈P≈≈≈≈≈≈≈≈≈P≈..####.
.≈≈≈≈.†.#♣≈PP≈P≈≈≈≈♣≈..≈.♣...# #.


You could see a leopard gecko and a goblin.

Vanquished Creatures
  A leopard gecko (D:1)
  A giant cockroach (D:1)
  2 goblins (D:1)
  2 hobgoblins (D:1)
  4 bats (D:1)
  3 frilled lizards (D:1)
  6 kobolds (D:1)
  2 rats (D:1)
21 creatures vanquished.

Notes
Turn   | Place    | Note
-------+----------+-------------------------------------------
     0 | D:1      | Reached skill level 10 in Axes
     0 | D:1      | tidbits the Gnoll Wanderer began the quest for the Orb.
     0 | D:1      | tidbits set off with: a +2 hand axe, a potion of lignification, a scroll of teleportation, a +0 robe, a bread ration
     0 | D:1      | Reached XP level 1. HP: 13/13 MP: 1/1
    45 | D:1      | Reached XP level 2. HP: 15/19 MP: 2/2
   144 | D:1      | HP: 2/20 [goblin/club (4)]
   150 | D:1      | Slain by a goblin

Vault maps used:
D:1:      scummos_arrival_checkerplants, serial_bayou, serial_bayou_lake_a,
          serial_bayou_lagoon_a, serial_bayou_ford_a, serial_bayou_pond_d,
          serial_bayou_pond_d, serial_bayou_shore_a, minivault_14,
          lexackson_kobold_supper

Skill      XL: | |
---------------+-+-----
Axes           | | 10.3
Fighting       | |  0.5
Short Blades   | |  0.5
Long Blades    | |  0.5
Maces & Flails | |  0.5
Polearms       | |  0.5
Staves         | |  0.5
Slings         | |  0.5
Bows           | |  0.5
Crossbows      | |  0.5
Throwing       | |  2.5
Armour         | |  6.5
Dodging        | |  0.5
Stealth        | |  0.5
Shields        | |  2.5
Unarmed Combat | |  0.5
Spellcasting   | |  0.5
Conjurations   | |  0.5
Hexes          | |  0.5
Charms         | |  0.5
Summonings     | |  0.5
Necromancy     | |  0.5
Translocations | |  0.5
Transmutations | |  0.5
Fire Magic     | |  0.5
Ice Magic      | |  0.5
Air Magic      | |  0.5
Earth Magic    | |  0.5
Poison Magic   | |  0.5
Invocations    | |  0.5
Evocations     | |  0.5

Action                   || total
-------------------------++-------
Melee: Hand axe          ||    48
       Bite              ||     3
 Stab: Sleeping          ||     4
Armor: Robe              ||    11
Dodge: Dodged            ||    34

Table legend:
 A = Spawn XP
 B = Non-spawn XP
 C = Spawn XP percentage of total XP
 D = Spawn monster count
 E = Non-spawn monster count
 F = Spawn count percentage of total count
 G = Total turns spent on level
                    A         B        C        D         E        F      G
               +---------+---------+-------+---------+---------+-------+---------
         Total |       0 |      30 |   0.0 |       0 |      21 |   0.0 |   150
               +---------+---------+-------+---------+---------+-------+---------
           D:1 |       0 |      30 |   0.0 |       0 |      21 |   0.0 |   150
               +---------+---------+-------+---------+---------+-------+---------

Table legend:
 A = Turns spent in this place as a percentage of turns spent in the entire game.
 B = Non-inter-level travel turns spent in this place as a percentage of non-inter-level travel turns spent in the entire game.
 C = Inter-level travel turns spent in this place as a percentage of turns spent in this place.
 D = Turns resting spent in this place as a percentage of non-inter-level travel turns spent in this place.
 E = Turns spent auto-exploring this place as a percentage of non-inter-level travel turns spent in this place.
 F = Non-inter-level travel turns spent in this place divided by the number of levels of this place that you've seen.
                   A       B       C       D       E      F
               +-------+-------+-------+-------+-------+----------------------
         Total | 100.0 | 100.0 |   0.0 |   0.0 |   0.0 | 150.0
       Dungeon | 100.0 | 100.0 |   0.0 |   0.0 |   0.0 | 150.0
               +-------+-------+-------+-------+-------+----------------------

Table legend:
 A = Kills in this place as a percentage of kills in entire the game.
 B = Kills by you in this place as a percentage of kills by you in the entire game.
 C = Kills by friends in this place as a percentage of kills by friends in the entire game.
 D = Other kills in this place as a percentage of other kills in the entire game.
 E = Experience gained in this place as a percentage of experience gained in the entire game.
 F = Experience gained in this place divided by the number of levels of this place that you have seen.
                   A       B       C       D       E      F
               +-------+-------+-------+-------+-------+----------------------
         Total | 100.0 | 100.0 |   N/A |   N/A | 100.0 |  30.0
       Dungeon | 100.0 | 100.0 |   N/A |   N/A | 100.0 |  30.0
               +-------+-------+-------+-------+-------+----------------------

Vault maps used:
D:1:      scummos_arrival_checkerplants, serial_bayou, serial_bayou_lake_a,
          serial_bayou_lagoon_a, serial_bayou_ford_a, serial_bayou_pond_d,
          serial_bayou_pond_d, serial_bayou_shore_a, minivault_14,
          lexackson_kobold_supper
